 Dungeon Crawl Stone Soup version 0.28-b1-25-g9875b3f (webtiles) character file.

Game seed: 4297083481074063290

392 Buxparty the Skirmisher (level 6, -10/57 HPs)
             Began as a Hill Orc Fighter on Feb 2, 2022.
             Mangled by a wyvern (13 damage)
             ... on level 5 of the Dungeon.
             The game lasted 00:08:47 (4804 turns).

Buxparty the Skirmisher (Hill Orc Fighter)          Turns: 4804, Time: 00:08:48

Health: -10/57     AC:  9    Str: 21    XL:     6   Next: 81%
Magic:  6/6        EV:  9    Int:  8    God:
Gold:   210        SH:  4    Dex: 10    Spells: 5/5 levels left

rFire   . . .      SeeInvis .   a - +0 war axe
rCold   . . .      Faith    .   c - +0 buckler
rNeg    . . .      Spirit   .   b - +0 scale mail
rPois   .          Reflect  .   (no helmet)
rElec   .          Harm     .   (no cloak)
rCorr   .          Rampage  .   i - +0 pair of gloves
Will    .....                   h - +0 pair of boots
Stlth   ..........              (no amulet)
HPRegen 0.19/turn               (no ring)
MPRegen 0.10/turn               (no ring)

@: no status effects
A: no striking features
a: no special abilities


You were on level 5 of the Dungeon.
You visited 1 branch of the dungeon, and saw 5 of its levels.

You collected 210 gold pieces.

Inventory:

Hand Weapons
 a - a +0 war axe (weapon)
Armour
 b - a +0 scale mail (worn)
 c - a +0 buckler (worn)
 h - a +0 pair of boots (worn)
 i - a +0 pair of gloves (worn)
Jewellery
 f - an amulet of the acrobat
 o - a ring of willpower
Scrolls
 e - 8 scrolls of identify {unknown}
 k - a scroll of torment {unknown}
 m - a scroll of holy word {unknown}
 p - a scroll of fear {unknown}
 q - a scroll of amnesia {unknown}
 s - a scroll of fog {unknown}
 t - a scroll of enchant armour {unknown}
Potions
 d - a potion of might
 g - a potion of invisibility
 j - a potion of cancellation {unknown}
 l - a potion of attraction {unknown}
 n - 2 potions of lignification {unknown}
 r - a potion of berserk rage {unknown}


   Skills:
 + Level 5.9 Fighting
 + Level 5.7 Axes
 + Level 5.3 Armour
 - Level 3.2 Shields


You had 5 spell levels left.
You didn't know any spells.
Your spell library contained the following spells:

 Spells                   Type           Power      Damage    Failure   Level
 Slow                     Hex            0%         N/A       83%         1
 Confusing Touch          Hex            0%         N/A       99%         3
 Vampiric Draining        Necr           0%         2d6       99%         3
 Animate Dead             Necr           0%         N/A       100%        4
 Leda's Liquefaction      Hex/Erth       0%         N/A       100%        4
 Borgnjor's Vile Clutch   Necr/Erth      0%         N/A       100%        5
 Lee's Rapid Deconstruct  Erth           0%         3d5*      100%        5
 Death Channel            Necr           0%         N/A       100%        6
 Statue Form              Tmut/Erth      0%         N/A       100%        6


Dungeon Overview and Level Annotations

Branches:
Dungeon (5/15)
 Temple: D:4-7

Altars:
Xom

Shops:
D:1 =   D:2 !(   D:4 (


Message History

You feel sick.
You feel sick.
You are no longer poisoned.
HP restored.
Found 8 stones.
Found a war axe.
No target in view!
Found a stone staircase leading up.
A wyvern and a centaur warrior zombie come into view.
The wyvern hisses angrily.
Found a stone staircase leading down.
The centaur warrior zombie hits you!
The centaur warrior zombie kicks you but does no damage.
The centaur warrior zombie barely misses you.
The centaur warrior zombie kicks you.
You hit the wyvern.
The wyvern is lightly wounded.
The wyvern bites you! You block the wyvern's attack.
You barely miss the wyvern. The wyvern closely misses you.
The wyvern bites you!
You hit the wyvern but do no damage.
The wyvern bites you but does no damage.
The wyvern bites you!
You barely miss the wyvern. The wyvern barely misses you. The wyvern bites you!
* * * LOW HITPOINT WARNING * * *
You hit the wyvern but do no damage. You block the wyvern's attack.
You hit the wyvern.
The wyvern is lightly wounded.
You block the wyvern's attack. The wyvern barely misses you.
You hit the wyvern.
The wyvern is moderately wounded.
The wyvern bites you.
* * * LOW HITPOINT WARNING * * *
The wyvern bites you.
* * * LOW HITPOINT WARNING * * *
You closely miss the wyvern.
The wyvern is moderately wounded.
The wyvern bites you.
* * * LOW HITPOINT WARNING * * *
The wyvern bites you!
You die...

...........#
...........#
#..........#
..#+.##....#
<..........#.##
#####...#......
###...##Z..#..##
+......l##......
####.##@..##....
#........#...
#...##....#.#
#.........# .
#..##......#
##.......#..#.
#......#.#...#
#......#...#.
#.##...)...#..


You could see a wyvern and a centaur warrior zombie.

Vanquished Creatures
  A phantom (D:4)
  A scorpion (D:5)
  A hound (D:4)
  An iguana (D:4)
  An orc wizard (D:4)
  Robin (D:2)
  7 adders
  2 adder skeletons (D:4)
  A worm (D:2)
  A dart slug (D:2)
  5 orcs
  6 ball pythons
  8 endoplasms
  3 giant cockroaches
  17 goblins
  6 hobgoblins
  10 jackals
  2 quokkas
  6 bats
  5 frilled lizards
  5 kobolds
  3 rats
93 creatures vanquished.

Vanquished Creatures (others)
  3 plants (D:4)
3 creatures vanquished.

Grand Total: 96 creatures vanquished

Notes
Turn   | Place    | Note
-------+----------+-------------------------------------------
     0 | D:1      | Buxparty the Hill Orc Fighter began the quest for the Orb.
     0 | D:1      | Reached XP level 1. HP: 19/19 MP: 1/1
   314 | D:1      | Reached XP level 2. HP: 24/27 MP: 2/2
   463 | D:1      | Found Iraiv's Jewellery Boutique.
   697 | D:1      | Reached XP level 3. HP: 32/33 MP: 3/3
  1322 | D:2      | Found a faded altar of an unknown god.
  1386 | D:2      | Found Othopp's Distillery.
  1667 | D:2      | Found Gek Xey's Weapon Shoppe.
  1684 | D:2      | Reached XP level 4. HP: 39/41 MP: 4/4
  1739 | D:2      | Noticed Robin
  1759 | D:2      | Killed Robin
  2372 | D:2      | Reached XP level 5. HP: 45/47 MP: 5/5
  2925 | D:3      | Reached skill level 5 in Fighting
  3546 | D:4      | Found a shimmering altar of Xom.
  3566 | D:4      | Found Elony's Antique Weapon Boutique.
  3653 | D:4      | Reached skill level 5 in Axes
  3962 | D:4      | Reached XP level 6. HP: 56/56 MP: 6/6
  3976 | D:4      | Reached skill level 5 in Armour
  4558 | D:5      | Entered Level 5 of the Dungeon
  4790 | D:5      | Noticed a wyvern
  4804 | D:5      | Mangled by a wyvern

Illustrated notes

Levels and vault maps discovered:
D:1:      lemuel_arrival_muddy, layout_loops_ring, serial_shops, shop_statue
D:2:      layout_basic, serial_shops, nicolae_shop_trees,
          nicolae_shop_bloodbath_and_beyond,
          shapermc_ecumenical_altar_hornbeckon, kennysheep_generic_room_11,
          uniq_robin
D:3:      wad_crossroads, layout_basic, grunt_ministairs_11
D:4:      layout_loops_ring, mainiacjoe_overflow_catwalk, serial_shops,
          nicolae_shop_behind_doors, serial_forest,
          infiniplex_forest_straight_4, infiniplex_forest_lined_corner,
          infiniplex_forest_split, infiniplex_forest_lined_room_3,
          infiniplex_forest_clump_double, infiniplex_forest_lined_3,
          chequers_serial_rivers_room_b, grunt_decor_fettered
D:5:      minmay_thinvault, layout_basic, hangedman_decor_peaks_small,
          uniq_crazy_yiuf_cottage, uniq_blork_the_orc

Skill      XL: |  1  2  3  4  5  6 |
---------------+-------------------+-----
Axes           | 3 4 5 |  5.7
Fighting       | 4 5 |  5.9
Armour         | 4 5 |  5.3
Shields        | |  3.2

Action                   |  1- 3 |  4- 6 || total
-------------------------+-------+-------++-------
Melee: War axe           |   120 |   164 ||   284
Armor: Scale mail        |    62 |    87 ||   149
Dodge: Dodged            |    72 |    68 ||   140
Block: Buckler           |    29 |    39 ||    68
